 Dungeon Crawl Stone Soup version 0.31-a0-995-g04711c9635 (webtiles) character file.

Game seed: 4676188588452523668

199 Dirtsage the Cutter (level 5, 0/38 HPs)
             Began as a Vampire Gladiator on Nov 6, 2023.
             Splashed by a jelly's acid (10 damage)
             ... on level 3 of the Dungeon.
             The game lasted 00:05:50 (2496 turns).

Dirtsage the Cutter (Vampire Gladiator)             Turns: 2496, Time: 00:05:51

Health: 0/38       AC: -1    Str: 13    XL:     5   Next: 48%
Magic:  5/5        EV: 10    Int: 11    God:
Gold:   230        SH:  0    Dex: 17    Spells: 4/4 levels left

rFire   . . .        a - +0 rapier
rCold   . . .        (no shield)
rNeg    . . .        m - +0 scale mail
rPois   .            c - +0 helmet
rElec   .            (no cloak)
rCorr   .            (no gloves)
SInv    +            (no boots)
Will    .....        (no amulet) Stlth
                     (no ring)
HPRegen 0.46/turn    (no ring)
MPRegen 0.09/turn

%: no passive effects
@: corroded, healing quickly
A: alive, fangs 3, see invisible, vampiric 2
a: Exsanguinate


You were on level 3 of the Dungeon.
You visited 1 branch of the dungeon, and saw 4 of its levels.

You collected 230 gold pieces.

Inventory:

Hand Weapons
 a - a +0 rapier (weapon)
Missiles
 d - 4 throwing nets (quivered)
 e - a javelin
Armour
 b - a +0 leather armour
 c - a +0 helmet (worn)
 m - a +0 scale mail (worn)
Magical Staves
 h - a staff of cold
Jewellery
 t - a +6 ring of dexterity
Wands
 y - a wand of light (1)
Scrolls
 g - 2 scrolls of noise {unknown}
 k - 2 scrolls of teleportation {unknown}
 l - 3 scrolls of identify {unknown}
 o - a scroll of acquirement {unknown}
 p - a scroll of enchant weapon {unknown}
 s - a scroll of fog {unknown}
 u - a scroll of vulnerability {unknown}
 v - a scroll of torment {unknown}
Potions
 f - a potion of might {unknown}
 i - a potion of enlightenment {unknown}
 j - 2 potions of resistance {unknown}
 n - 2 potions of mutation {unknown}
 q - 2 potions of curing
 r - a potion of attraction {unknown}
 w - a potion of magic {unknown}
 x - 2 potions of degeneration {unknown}


   Skills:
 - Level 1.7 Fighting
 + Level 6.9 Short Blades
 - Level 1.5 Throwing
 - Level 3.2 Dodging


You had 4 spell levels left.
You didn't know any spells.
Your spell library contained the following spells:

 Spells                   Type           Power      Damage    Failure   Level
 Blink                    Tloc           0%         N/A       95%         2
 Lesser Beckoning         Tloc           0%         N/A       95%         2
 Momentum Strike          Conj/Tloc      0%         3d8       95%         2


Dungeon Overview and Level Annotations

Branches:
Dungeon (4/15)
 Temple: D:4-7

Altars:
Nemelex Xobeh

Shops:
D:3 (


Innate Abilities, Weirdness & Mutations

Your natural rate of healing is accelerated.
You have razor-sharp teeth.
You have supernaturally acute eyesight. (SInv)
You are afflicted with vampirism and can become a bat while bloodless.


Message History

You now have 230 gold pieces (gained 6).
Found a stone staircase leading down.
Found an escape hatch in the ceiling.
An orc comes into view. It is wielding a +0 dagger.
The orc shouts!
There is an escape hatch in the ceiling here.
A jelly comes into view.
The jelly quivers.
The orc hits you with a +0 dagger.
You take 3 damage, and have 35/38 hp.
You hit the orc.
The orc is severely wounded.
The orc barely misses you.
You hit the orc but do no damage. Your bite misses the orc.
The orc is severely wounded.
The orc closely misses you. The orc attacks as it pursues you!
The orc hits you with a +0 dagger.
You take 3 damage, and have 33/38 hp.
The orc attacks as it pursues you! The orc hits you but does no damage.
The jelly attacks as it pursues you! The jelly hits you but does no damage.
The orc attacks as it pursues you! The orc hits you but does no damage.
There is an escape hatch in the ceiling here.
The jelly barely misses you. The orc hits you but does no damage.
A mysterious force pulls you upwards. The hatch slams shut behind you.
The jelly barely misses you. The orc hits you but does no damage.
The orc barely misses you. The jelly attacks as it pursues you!
The jelly hits you.
You are splashed with acid!
You take 11 damage, and have 25/38 hp.
MASSIVE DAMAGE!!
The jelly attacks as it pursues you! The jelly hits you.
You are splashed with acid!
You take 11 damage, and have 14/38 hp.
MASSIVE DAMAGE!!
The jelly attacks as it pursues you! The jelly hits you but does no damage.
You hit the jelly but do no damage. The acid corrodes you!
Your hands burn!
You bite the jelly.
The jelly is moderately wounded.
The jelly hits you.
* * * LOW HITPOINT WARNING * * *
The acid corrodes you!
You are splashed with acid!
You die...

#..##'#.####
#..#.......##########
#..#.......##.......# #
#..#.......##.#####.# #
#..#.......##.#...#.# #
#..#.##'#####.#.#.#†# #
#..#..#<..........#.# #
#..##.#######.#>###.#####
#.....oJ@...#.#.....#....
###.#..#####.#.#######....
#.......)....#.# #....
#.#.....).####.# #....
###.###.....#....# ###....
#.#.......#.#'#####
#......
##.#####...##......#
#......
#...........+......#
#......
#..........##......#
#......


You could see a jelly and an orc.

Vanquished Creatures
  Ijyb (D:4)
  3 orc wizards (D:4)
  An adder (D:4)
  2 ufetubi (D:3)
  6 worms
  3 dart slugs
  An orc (D:2)
  6 endoplasms
  A giant cockroach (D:2)
  2 goblins
  5 hobgoblins
  5 kobolds
  3 quokkas
  5 ball pythons
  5 bats
  7 frilled lizards
  5 rats
61 creatures vanquished.

Vanquished Creatures (others)
  An orc wizard (D:4)
1 creature vanquished.

Grand Total: 62 creatures vanquished

Notes
Turn   | Place    | Note
-------+----------+-------------------------------------------
     0 | D:1      | Dirtsage the Vampire Gladiator began the quest for the Orb.
     0 | D:1      | Reached XP level 1. HP: 16/16 MP: 1/1
   256 | D:1      | Reached XP level 2. HP: 17/22 MP: 2/2
   261 | D:1      | Reached skill level 4 in Short Blades
   789 | D:2      | Gained mutation: You are afflicted with vampirism and can
                  | become a bat while bloodless. [Vampire growth]
   789 | D:2      | Reached XP level 3. HP: 15/27 MP: 3/3
   895 | D:2      | Reached skill level 5 in Short Blades
  1368 | D:3      | Found a sparkling altar of Nemelex Xobeh.
  1581 | D:3      | Found Ihobim's Weapon Shoppe.
  1601 | D:3      | Reached XP level 4. HP: 33/33 MP: 4/4
  2154 | D:4      | Reached skill level 6 in Short Blades
  2178 | D:4      | Reached XP level 5. HP: 34/38 MP: 5/5
  2273 | D:4      | Noticed Ijyb
  2321 | D:4      | HP: 1/38 [Ijyb/bolt of light (1)]
  2325 | D:4      | Killed Ijyb
  2496 | D:3      | Splashed by a jelly's acid

Illustrated notes

Levels and vault maps discovered:
D:1:      spicycebolla_arrival_ecumenical, layout_basic, minmay_fountain_box,
          chequers_serial_rivers_micro_b, chequers_serial_rivers_micro_d
D:2:      layout_rooms
D:3:      layout_basic, nicolae_overflow_hidden_temple, serial_shops, shop
D:4:      layout_loops_ring, minmay_a_box_with_orc_wizards_in_it, uniq_ijyb

Skill      XL: |  1  2  3  4 |
---------------+-------------+-----
Short Blades   | 4 5 6 |  6.9
Fighting       | |  1.7
Throwing       | |  1.5
Dodging        | |  3.2

Action                     |  1- 3 |  4- 6 || total
---------------------------+-------+-------++-------
  Melee: Rapier            |   182 |    94 ||   276
         Bite              |    12 |     8 ||    20
         Punch             |     1 |     1 ||     2
    Use: Potion            |       |     2 ||     2
 Armour: Leather armour    |    59 |       ||    59
         Scale mail        |    43 |    77 ||   120
  Dodge: Dodged            |   115 |    40 ||   155

Table legend: (Time is in decaauts)
 A = Elapsed time spent in this place.
 B = Non-inter-level travel time spent in this place.
 C = Inter-level travel time spent in this place.
 D = Time resting spent in this place.
 E = Time spent auto-exploring this place.
 F = Levels seen in this place.
 G = Mean time per level.
                   A        B        C        D        E       F      G
               +--------+--------+--------+--------+--------+-----+--------+
         Total |   2483 |   2406 |     77 |     97 |   1785 |   4 |  620.8 |
       Dungeon |   2483 |   2406 |     77 |     97 |   1785 |   4 |  620.8 |
               +--------+--------+--------+--------+--------+-----+--------+

Top non-repeatable levels by time:
     D:1: 767 daAuts
     D:3: 705 daAuts
     D:2: 556 daAuts
     D:4: 454 daAuts
